 Dungeon Crawl Stone Soup version 0.27.1-34-g3ba077fa99 (webtiles) character file.

Game seed: 12592608262051235477

228 belegose the Skirmisher (level 5, -2/42 (47) HPs)
             Began as a Minotaur Abyssal Knight on Jan 6, 2022.
             Was a Follower of Lugonu.
             Succumbed to Eustachio's poison
             ... on level 3 of the Dungeon.
             The game lasted 00:07:16 (4178 turns).

belegose the Skirmisher (Minotaur Abyssal Knight)   Turns: 4178, Time: 00:07:17

HP:   -2/42 (47)    AC: 13    Str: 18    XL:     5   Next: 70%
MP:   6/6           EV:  7    Int:  9    God:    Lugonu [*.....]
Gold: 130           SH:  0    Dex:  9    Spells: 4/4 levels left

rFire    . . .     SeeInvis .   a - +1 mace
rCold    . . .     Faith    .   (no shield)
rNeg     . . .     Spirit   .   u - +0 chain mail
rPois    .         Reflect  .   (helmet restricted)
rElec    .         Harm     .   (no cloak)
rCorr    .         Rampage  .   (no gloves)
Will     .....                  (no boots)
Stlth    ..........             (no amulet)
HPRegen  0.14/turn              o - +4 ring of protection
MPRegen  0.10/turn              t - ring of flight

@: lethally poisoned (-2 -> -31), flying, heavily drained
A: horns 2, retaliatory headbutt
a: Renounce Religion, Depart the Abyss


You were on level 3 of the Dungeon.
You worshipped Lugonu.
Lugonu was aware of your devotion.
You visited 1 branch of the dungeon, and saw 4 of its levels.
You visited the Abyss 1 time.

You collected 130 gold pieces.

Inventory:

Hand Weapons
 a - a +1 mace (weapon)
 b - a +1 dagger of venom
Missiles
 e - 64 stones
 i - 2 javelins
 k - 8 boomerangs (quivered)
Armour
 u - a +0 chain mail (worn)
Jewellery
 o - a +4 ring of protection (left hand)
 t - a ring of flight (right hand)
Scrolls
 c - 2 scrolls of teleportation {unknown}
 d - 2 scrolls of amnesia {unknown}
 f - a scroll of magic mapping {unknown}
 h - a scroll of immolation
 j - a scroll of identify {unknown}
 q - a scroll of enchant armour {unknown}
 r - a scroll of silence {unknown}
 s - a scroll of enchant weapon {unknown}
Potions
 g - a potion of degeneration {unknown}
 l - a potion of ambrosia {unknown}
 n - a potion of mutation {unknown}
 p - a potion of curing {unknown}


   Skills:
 + Level 4.8 Fighting
 + Level 1.6 Short Blades
 - Level 3.2 Maces & Flails
 + Level 2.1 Throwing
 + Level 3.9 Armour
 - Level 1.1 Dodging
 + Level 3.0 Invocations


You had 4 spell levels left.
You didn't know any spells.
Your spell library was empty.

Dungeon Overview and Level Annotations

Branches:
Dungeon (4/15)
 Temple: D:4-7

Altars:
Fedhas
Gozag
Kikubaaqudgha

Shops:
D:3 *

Annotations:
D:3 Eustachio


Innate Abilities, Weirdness & Mutations

You have a pair of horns on your head.
You reflexively headbutt those who attack you in melee.


Message History

You feel very sick.
Eustachio casts a spell.
Eustachio blinks!
Unknown command.
You feel very sick.
There is a stone staircase leading up here.
Throw: 8 boomerangs
Press: ? - help, Q - select action, (/) - cycle Shift-Dir - straight line, f - iron imp
Aim: an iron imp (summoned, 65% to hit)
You throw a boomerang. The boomerang hits the iron imp.
The iron imp is moderately wounded.
You feel very sick.
The iron imp hits you but does no damage.
Throw: 8 boomerangs
Press: ? - help, Q - select action, (/) - cycle Shift-Dir - straight line, f/p - iron imp
Aim: an iron imp (moderately wounded, summoned, 64% to hit)
Okay, then.
You feel sick.
Eustachio hits you with a +2 falchion of venom.
You are more poisoned.
The iron imp hits you but does no damage.
You fly upwards.
The iron imp disappears in a puff of smoke!
You feel very sick.
There is a stone staircase leading down here.
Your +1 dagger of venom stops dripping with poison.
a - a +1 mace (weapon)
* * * LOW HITPOINT WARNING * * *
You feel sick. Eustachio hits you but does no damage.
You are lethally poisoned!
Unknown command.
You barely miss Eustachio. You headbutt Eustachio!
Eustachio is heavily wounded.
* * * LOW HITPOINT WARNING * * *
You feel very sick. Eustachio hits you but does no damage.
You are more poisoned.
You hit Eustachio.
Eustachio is severely wounded.
You die...

#.# #.#
#.##....######†.. #.#
#.###.##.#.######<..#
#.# #........#.#
#...#.#. #.#
#####.####.# #.....#.
###.# #.# #.#
#.#.###. ##.#.# #.#
#.# #.##...# ##.#..#
#.# #.###.######
##.###.##
###.####......z.J..
##.## ##.##
#.@@..######..#####
#.## ##.# #.......#
#>)##### ##.## ##.##
#.......# #..##..P
##.###.##
#.....#.####..P.P_.
##.#.##
#.....####.......PP
##.##
#####.#........P###
#.# #.#P_P.P..### #.#
#.#.PP##..# #.#
#.#####...#


You could see Eustachio (very poisoned).

Vanquished Creatures
  Blork the orc (D:4)
  A wight (D:3)
  Jessica (D:2)
  Terence (D:2)
  2 adders (D:3)
  An ufetubus (D:4)
  A worm (D:3)
  3 ball pythons
  3 endoplasms
  2 giant cockroaches
  3 goblins
  4 hobgoblins
  2 jackals (D:1)
  3 bats
  3 frilled lizards
  5 kobolds
  6 rats
42 creatures vanquished.

Vanquished Creatures (others)
  2 plants (D:3)
2 creatures vanquished.

Grand Total: 44 creatures vanquished

Notes
Turn   | Place    | Note
-------+----------+-------------------------------------------
     0 | Abyss:1  | belegose the Minotaur Abyssal Knight began the quest for
                  | the Orb.
     0 | Abyss:1  | Reached XP level 1. HP: 19/19 MP: 1/1
   102 | Abyss:1  | Noticed a shadow
   113 | Abyss:1  | Noticed a large abomination
   122 | Abyss:1  | Noticed a starcursed mass
   124 | Abyss:1  | Noticed a quasit
   126 | D:1      | Escaped the Abyss
   636 | D:1      | Found a faded altar of an unknown god.
   651 | D:1      | Reached XP level 2. HP: 27/27 MP: 2/2
  1429 | D:2      | Noticed Jessica
  1703 | D:2      | Noticed Terence
  1715 | D:2      | Killed Terence
  1716 | D:2      | Reached skill level 4 in Fighting
  1716 | D:2      | Reached skill level 1 in Throwing
  1716 | D:2      | Reached XP level 3. HP: 24/33 MP: 3/3
  2017 | D:2      | Killed Jessica
  2018 | D:2      | Reached XP level 4. HP: 11/40 MP: 4/4
  2288 | D:2      | Found an opulent altar of Gozag.
  2764 | D:3      | Found Mustajusk's Assorted Antiques.
  2942 | D:3      | Found an ancient bone altar of Kikubaaqudgha.
  2943 | D:3      | Found a blossoming altar of Fedhas.
  2945 | D:3      | Reached ** piety under Lugonu
  3358 | D:4      | Noticed Eustachio
  3399 | D:4      | Noticed Blork the orc
  3438 | D:4      | Killed Blork the orc
  3439 | D:4      | Reached skill level 1 in Short Blades
  3439 | D:4      | Reached XP level 5. HP: 12/47 MP: 4/6
  4178 | D:3      | Succumbed to Eustachio's poison

Illustrated notes

Levels and vault maps discovered:
D:1:      lightli_molten_gateway, layout_loops_cross,
          hellmonk_ecumenical_altar_blasted
D:2:      layout_basic, basic_altar, uniq_terence, uniq_jessica
D:3:      layout_loops_ring, grunt_temple_overflow_growth_and_decay,
          serial_shops, nicolae_shop_waterfront, kennysheep_cross_bottleneck,
          serial_bayou_pond_d
D:4:      layout_cave_pools, mainiacjoe_overflow_surrounded_room,
          uniq_blork_the_orc, uniq_eustachio

Skill      XL: |  1  2  3  4  5 |
---------------+----------------+-----
Invocations    | 2 3 |  3.0
Fighting       | 4 |  4.8
Maces & Flails | 3 |  3.2
Throwing       | 1 2 |  2.1
Armour         | 3 |  3.9
Short Blades   | 1 |  1.6
Dodging        | |  1.1

Action                   |  1- 3 |  4- 6 || total
-------------------------+-------+-------++-------
Melee: Mace              |    61 |    19 ||    80
       Headbutt          |    11 |     7 ||    18
       Dagger            |       |    40 ||    40
Throw: Boomerang         |       |     1 ||     1
Armor: Leather armour    |    12 |       ||    12
       Scale mail        |     1 |    10 ||    11
       Chain mail        |       |    34 ||    34
Dodge: Dodged            |    40 |    24 ||    64
